 Dungeon Crawl Stone Soup version 0.22-a0-259-gdd11e71 (webtiles) character file.

166022 matakusis the Demonologist (level 16, -2/76 HPs)
             Began as a Deep Elf Summoner on Mar 4, 2018.
             Was the Champion of Qazlal.
             Slain by a deep elf archer
             ... wielding a +0 dagger
              (13 damage)
             ... on level 3 of the Elven Halls on Mar 5, 2018.
             The game lasted 05:41:05 (36195 turns).

matakusis the Demonologist (Deep Elf Summoner)     Turns: 36195, Time: 05:41:05

Health: -2/76      AC: 14    Str:  2    XL:     16   Next: 70%
Magic:  17/51      EV: 11    Int: 28    God:    Qazlal [******]
Gold:   1041       SH:  8    Dex: 15    Spells: 4/56 levels left

rFire    + . .     SeeInvis +   v - staff of wizardry
rCold    . . .     Gourm    .   (no shield)
rNeg     . . .     Faith    .   m - +2 robe {Archmagi}
rPois    .         Spirit   .   p - +2 hat
rElec    +         Reflect  .   E - scarf {repulsion}
rCorr    .         Harm     .   k - +1 pair of gloves
MR       ++...                  x - +0 pair of boots
Stlth    +.........             b - amulet "Qipt" {Acrobat rElec rF+ MR+ Str-3}
HPRegen  0.22/turn              H - ring of wizardry
MPRegen  0.32/turn              s - ring of magical power

@: protected from physical damage, studying Throwing, very heavily drained,
repel missiles
A: iridescent scales 1, see invisible, mutation resistance 1
}: 2/15 runes: decaying, serpentine
a: Upheaval, Elemental Force, Disaster Area, Renounce Religion


You were on level 3 of the Elven Halls.
You worshipped Qazlal.
Qazlal was exalted by your worship.
You were not hungry.

You visited 7 branches of the dungeon, and saw 34 of its levels.
You also visited: Sewer.

You collected 3218 gold pieces.
You spent 2177 gold pieces at shops.

Inventory:

Missiles
 d - 681 arrows
 h - 1049 stones (quivered)
Armour
 k - a +1 pair of gloves (worn)
 m - a +2 robe of the Archmagi (worn)
 p - a +2 hat (worn)
 x - a +0 pair of boots (worn)
 y - a +0 robe of fire resistance
 E - a scarf of repulsion (worn)
 V - the +0 scale mail "Hebe" {*Slow +Fly MR- Int+8}
   (You found it on level 3 of the Swamp)

   It affects your intelligence (+8).
   It affects your resistance to hostile enchantments.
   It lets you fly.
   It may slow you when you take damage.
Magical Staves
 v - an uncursed staff of wizardry (weapon)
Jewellery
 b - the amulet "Qipt" (around neck) {Acrobat rElec rF+ MR+ Str-3}
   (You acquired it on level 1 of the Swamp)

   [amulet of the acrobat]

   It helps you evade while moving and waiting.
   It affects your strength (-3).
   It protects you from fire.
   It insulates you from electricity.
   It affects your resistance to hostile enchantments.
 g - an uncursed ring of poison resistance
 q - an uncursed ring of flight
 s - a ring of magical power (right hand)
 H - a ring of wizardry (left hand)
 I - an uncursed amulet of faith
Wands
 r - a wand of disintegration (12)
 C - a wand of acid (20)
 D - a wand of paralysis (39)
 P - a wand of enslavement (20)
 R - a wand of flame (54)
 T - a wand of clouds (2)
 Z - a wand of digging (16)
Scrolls
 f - 2 scrolls of enchant weapon
 w - 9 scrolls of immolation
 B - 7 scrolls of amnesia
 F - 3 scrolls of enchant armour
 J - 3 scrolls of fog
 K - 6 scrolls of identify
 N - a scroll of brand weapon
 O - 8 scrolls of remove curse
 W - a scroll of summoning
Potions
 e - 3 potions of agility
 i - a potion of resistance
 j - 4 potions of curing
 l - a potion of invisibility
 n - 9 potions of haste
 o - 3 potions of might
 t - 5 potions of flight
 z - 3 potions of lignification
 L - 2 potions of cancellation
 M - 5 potions of ambrosia
 U - 2 potions of berserk rage
 X - 4 potions of brilliance
Books
 A - a manual of Throwing
Miscellaneous
 a - a crystal ball of energy
Comestibles
 c - 43 rations


   Skills:
   Level 0.5(0.0) Short Blades
 - Level 2.4(0.0) Dodging
 - Level 2.4(0.0) Stealth
 + Level 20.8(16.4) Spellcasting
 + Level 2.6(0.0) Hexes
 * Level 21.4(17.0) Summonings
 + Level 0.8(0.0) Translocations
 + Level 11.3(7.7) Ice Magic
 - Level 1.1(0.0) Air Magic
 + Level 9.6(6.2) Poison Magic


You had 4 spell levels left.
You knew the following spells:

 Your Spells              Type           Power        Failure   Level  Hunger
a - Olgreb's Toxic Radia  Pois           ######..     1%          4    None
b - Call Imp              Summ           ########     0%          2    None
c - Summon Lightning Spi  Summ/Air       #######.     1%          4    None
d - Summon Ice Beast      Ice/Summ       #######.     1%          4    None
e - Passage of Golubria   Tloc           N/A          5%          4    None
f - Metabolic Englaciati  Hex/Ice        ######....   3%          5    None
g - Tukima's Dance        Hex            ####....     1%          3    None
h - Venom Bolt            Conj/Pois      ######....   4%          5    None
i - Gell's Gravitas       Tloc           ####......   1%          3    None
j - Summon Forest         Summ/Tloc      #######...   1%          5    None
k - Summon Hydra          Summ           ########..   1%          7    #####..
l - Stone Arrow           Conj/Erth      ####..       1%          3    None
m - Confuse               Hex            ####....     1%          3    None


Dungeon Overview and Level Annotations

Branches:
Dungeon (14/15)            Temple (1/1) D:7            Lair (6/6) D:10
  Swamp (4/4) Lair:4        Snake (4/4) Lair:4        Slime (0/5) Lair:6
    Orc (2/2) D:12            Elf (3/3) Orc:2
 Vaults: D:13-14

Altars:
Ashenzari
Cheibriados
Dithmenos
Elyvilon
Fedhas
Gozag
Hepliaklqana
Kikubaaqudgha
Makhleb
Nemelex Xobeh
Okawaru
Qazlal
Ru
Sif Muna
Trog
Uskayaw
Vehumet
Wu Jian
Xom
Yredelemnul
Zin
The Shining One
Beogh

Shops:
D:4 :   D:10 :   Orc:2 =(*=   Elf:1 }   Snake:1 %   Snake:2 *:=%(
Snake:3 ([}*


Innate Abilities, Weirdness & Mutations

You are partially covered in iridescent scales. (AC +2)
You have supernaturally acute eyesight. (SInv)
You are somewhat resistant to further mutation.


Message History

The deep elf knight casts a spell at you.
You block the shard of ice.
Your six-headed hydra closely misses the deep elf archer.
Your six-headed hydra misses the deep elf archer.
Your six-headed hydra bites the deep elf archer!
Your six-headed hydra barely misses the deep elf archer.
Your six-headed hydra completely misses the deep elf archer.
Your six-headed hydra barely misses the deep elf archer.
Casting: Summon Lightning Spire (safe; 1% risk of failure)
Confirm with . or Enter, or press ? or * to list all spells.
Okay, then.
Casting: Summon Lightning Spire (safe; 1% risk of failure)
Confirm with . or Enter, or press ? or * to list all spells.
Aiming: Confuse (safe; 1% risk of failure)
Press: ? - help, Shift-Dir - straight line, f - deep elf knight
Aim: a deep elf knight, wielding a long sword of protection, wearing a ring mail and wearing a buckler (slightly transparent, chance to defeat MR: 15%)
You feel a surge of power!
The deep elf knight resists with almost no effort.
The deep elf archer hits you with an uncursed dagger!
You die...

.........# ♣♣....e(...#♣#
.(.......# #..♣.)..♣...♣
.........####≈.<.....♣.:♣
.........'..'e≈≈≈.......#
.........####E≈≈≈≈(....♣#
#.......## ##§§§≈♣e§/...♣
##.....#'##♣#♣eE8♣e§..♣##
########'...♣♣eDe§...♣#
##.....+#@§§§.#+
##.......#######
#####.........##
+...'.........#
#####........<#
##.......## ##.....##
##...## #####


You could see 2 deep elf archers, 2 deep elf knights, an earth elemental, a deep
elf mage, a friendly six-headed hydra and a friendly lightning spire.

Vanquished Creatures
  Donald (Elf:1)
  A slime creature (Swamp:3)
  2 hydras
  3 anacondas
  An alligator (Swamp:4)
  A two-headed ogre (D:9)
  A dancing weapon (Elf:1)
  An orc high priest (Orc:2)
  4 deep elf knights
  An unseen horror (D:12)
  A swamp dragon (Swamp:4)
  A deep elf archer (Elf:2)
  6 deep elf magi
  A cyclops (D:13)
  An ugly thing (Swamp:2)
  An orc sorcerer (Orc:1)
  2 spiny frogs
  A rime drake (Lair:6)
  A yaktaur (D:13)
  4 komodo dragons
  A polar bear (Lair:5)
  2 hornets
  A blink frog (Lair:2)
  2 hippogriffs
  A wraith (Lair:6)
  4 humans (D:14)
  4 yaks
  6 basilisks (D:14)
  2 nagas
  2 swamp worms
  A soldier ant (Lair:3)
  2 water moccasins
  4 orc warriors
  A sky beast (D:10)
  A black bear (D:10)
  A necrophage (D:14)
  2 wolves
  A centaur (D:9)
  2 crocodiles
  4 bullfrogs
  A scorpion (D:11)
  A water moccasin zombie (D:11)
  A crimson imp (D:12)
  A jelly (Lair:6)
  6 orc wizards (Orc:2)
  5 orc priests
  9 worker ants
  A merfolk siren (Sewer)
  An adder (D:4)
  A howler monkey skeleton (D:4)
  2 shadow imps
  2 leopard geckos
  18 orcs
  A ball python (Sewer)
  2 bats (D:3)
  A giant cockroach (D:2)
  7 kobolds
  A frilled lizard (Sewer)
  7 rats (Sewer)
  2 briar patches (Swamp:4)
  5 snaplasher vines
154 creatures vanquished.

Vanquished Creatures (collateral kills)
  the Lernaean hydra (Swamp:4)
  Kirke (Elf:1)
  2 thorn hunters (Swamp:4)
  Roxanne (Elf:1)
  6 nagarajas
  Louise (Swamp:4)
  2 deep elf sorcerers
  The ghost of Anon1729 the Destroyer, a journeyman DsFE of Ashenzari (Orc:2)
  Azrael (Elf:1)
  Snorg (D:10)
  Josephine (Lair:6)
  13 naga warriors
  A vault guard (D:14)
  Harold (Lair:1)
  21 hydras
  A death knight (D:14)
  2 two-headed ogres
  21 dancing weapons
  A queen ant (Lair:3)
  7 anacondas
  9 alligators
  4 orc high priests
  3 shock serpents
  Urug (Lair:3)
  10 deep elf knights
  10 naga sharpshooters
  9 skeletal warriors
  An unseen horror (D:12)
  The ghost of Thaneod the Destroyer, a novice DEWz of Vehumet (D:8)
  A salamander mystic (Snake:4)
  A sea snake (Lair:6)
  8 swamp dragons
  8 naga ritualists
  2 spriggan druids
  A shambling mangrove (Swamp:2)
  2 wizards
  6 deep elf archers
  A harpy (Lair:6)
  A lindwurm (Lair:5)
  2 orc knights (Orc:2)
  12 mana vipers
  4 oklob plants
  44 deep elf magi
  2 manticores (Lair:6)
  7 ugly things
  4 orc sorcerers
  12 salamanders
  A cyclops (Orc:1)
  12 elephants
  16 black mambas
  A guardian serpent (Snake:4)
  A centaur zombie (D:10)
  23 naga magi
  A gargoyle (D:14)
  2 centaur skeletons
  14 spiny frogs
  7 komodo dragons
  A yaktaur (D:13)
  10 rime drakes
  4 polar bears
  2 trolls
  6 tyrant leeches
  A wind drake (Lair:6)
  5 hornets
  10 bog bodies
  11 slime creatures
  7 blink frogs
  12 hippogriffs
  A hippogriff (shapeshifter) (Elf:2)
  A meliai zombie (D:13)
  7 dream sheep (Lair:6)
  4 shadows
  Sigmund (D:3)
  5 wraiths
  30 yaks
  2 water elementals
  4 hogs
  7 wyverns
  A basilisk (Lair:6)
  2 fire elementals
  8 humans
  A human (shapeshifter) (D:14)
  5 vampire mosquitoes
  2 wargs
  24 swamp worms
  Edmund (D:6)
  47 nagas
  7 soldier ants (Lair:3)
  10 insubstantial wisps
  6 hell hounds
  15 swamp drakes
  14 water moccasins
  7 porcupines
  A black bear (D:10)
  3 sky beasts
  2 phantoms (D:4)
  3 ice beasts
  21 orc warriors
  7 ogres
  A boggart (Elf:1)
  An eye of draining (D:11)
  15 wolves
  4 centaurs
  13 crocodiles
  16 bullfrogs
  An earth elemental (Elf:2)
  3 big kobolds
  A wyvern skeleton (D:14)
  2 scorpions
  3 killer bees (D:8)
  13 wights
  3 howler monkeys
  An electric eel (Lair:4)
  7 crimson imps
  5 hounds
  A bullfrog zombie (D:9)
  15 jellies
  20 orc priests
  2 bullfrog skeletons
  An iguana (D:11)
  26 worker ants
  A merfolk siren (Sewer)
  27 orc wizards
  2 merfolk avatars
  A hound skeleton (D:4)
  8 adders
  3 gnolls (D:5)
  2 river rats
  An ooze (Lair:6)
  2 adder skeletons
  6 worms
  2 dart slugs
  7 leopard geckos
  58 orcs
  4 ball pythons
  7 bats
  12 giant cockroaches
  4 goblins
  11 hobgoblins
  13 jackals
  5 quokkas
  5 frilled lizards (Sewer)
  2 jackal zombies
  12 kobolds
  A leopard gecko skeleton (D:4)
  26 rats
  2 fungi (Lair:3)
  2 plants
1028 creatures vanquished.

Vanquished Creatures (others)
  2 naga warriors (Snake:4)
  A wizard (Elf:1)
  A tyrant leech (Swamp:4)
  A naga (Snake:2)
  A bush (Lair:6)
  10 fungi
  12 plants
28 creatures vanquished.

Grand Total: 1210 creatures vanquished

Notes
Turn   | Place    | Note
-------+----------+-------------------------------------------
     0 | D:1      | matakusis the Deep Elf Summoner began the quest for the Orb.
     0 | D:1      | Reached XP level 1. HP: 10/10 MP: 6/6
   669 | D:1      | Reached XP level 2. HP: 15/15 MP: 4/8
   816 | D:1      | Learned a level 2 spell: Call Imp
  1252 | D:1      | Reached skill level 5 in Summonings
  1697 | D:2      | Reached XP level 3. HP: 18/19 MP: 5/10
  2156 | D:3      | Noticed Sigmund
  2167 | D:3      | Killed Sigmund
  2167 | D:3      | Reached skill level 6 in Summonings
  2167 | D:3      | Reached XP level 4. HP: 17/24 MP: 7/12
  2247 | D:3      | Found an ornate altar of the Wu Jian Council.
  2481 | D:3      | Reached XP level 5. HP: 28/28 MP: 10/14
  2986 | D:4      | Noticed a phantom
  3011 | D:4      | Learned a level 4 spell: Summon Lightning Spire
  3017 | D:4      | Killed a phantom
  3017 | D:4      | Reached skill level 5 in Spellcasting
  3116 | D:4      | Found Itivvas's Book Shoppe.
  3216 | D:4      | Noticed a phantom
  3267 | D:4      | Killed a phantom
  3267 | D:4      | Reached XP level 6. HP: 32/32 MP: 4/16
  3271 | D:4      | Got an opalescent robe
  3282 | D:4      | Identified the +1 robe "Foij" {rPois} (You found it on level 4 of the Dungeon)
  3395 | D:4      | Found a burning altar of Makhleb.
  3492 | D:4      | Reached skill level 7 in Summonings
  3643 | D:4      | Noticed an ice beast
  3648 | D:4      | Killed an ice beast
  3883 | D:5      | Entered Level 5 of the Dungeon
  3946 | D:5      | Noticed a hippogriff
  3960 | D:5      | Killed a hippogriff
  3960 | D:5      | Reached skill level 1 in Air Magic
  3960 | D:5      | Reached XP level 7. HP: 21/36 MP: 8/19
  4118 | D:4      | Found a stormy altar of Qazlal.
  4123 | D:4      | Became a worshipper of Qazlal Stormbringer
  4172 | D:5      | Reached skill level 8 in Summonings
  4386 | D:5      | Found a glowing drain.
  4395 | Sewer    | Entered a sewer
  4445 | Sewer    | Reached * piety under Qazlal
  5843 | D:6      | Found a basalt altar of Yredelemnul.
  5871 | D:6      | Reached ** piety under Qazlal
  5878 | D:6      | Learned a level 4 spell: Summon Ice Beast
  6017 | D:6      | Reached skill level 9 in Summonings
  6065 | D:6      | Reached XP level 8. HP: 36/41 MP: 21/21
  6101 | D:6      | Noticed Edmund
  6131 | D:6      | Killed Edmund
  6285 | D:6      | Learned a level 1 spell: Sting
  6312 | D:6      | Found a shimmering altar of Xom.
  6974 | D:7      | Reached skill level 1 in Poison Magic
  7260 | D:7      | Learned a level 4 spell: Olgreb's Toxic Radiance
  7261 | D:7      | Found a staircase to the Ecumenical Temple.
  7309 | Temple   | Entered the Ecumenical Temple
  7644 | D:8      | Reached *** piety under Qazlal
  7894 | D:8      | Reached skill level 10 in Summonings
  7975 | D:8      | Noticed Thaneod's ghost (novice DEWz)
  7989 | D:8      | Killed Thaneod's ghost
  7989 | D:8      | Reached skill level 1 in Ice Magic
  8156 | D:8      | Reached XP level 9. HP: 45/45 MP: 11/24
  8241 | D:9      | Found a hazy altar of Hepliaklqana.
  8339 | D:9      | Reached skill level 11 in Summonings
  8363 | D:9      | Found an opulent altar of Gozag.
  8425 | D:9      | Reached skill level 10 in Spellcasting
  8530 | D:9      | Noticed a two-headed ogre
  8536 | D:9      | Killed a two-headed ogre
  8646 | D:9      | Reached **** piety under Qazlal
  8731 | D:9      | Noticed a centaur warrior
  9033 | D:9      | Noticed a two-headed ogre
  9044 | D:9      | Killed a two-headed ogre
  9060 | D:9      | Reached skill level 12 in Summonings
  9063 | D:9      | Reached XP level 10. HP: 50/50 MP: 13/26
  9243 | D:10     | Entered Level 10 of the Dungeon
  9371 | D:10     | Found a staircase to the Lair.
  9414 | D:10     | Found Nuwud's Book Emporium.
  9715 | D:10     | Noticed Snorg
  9723 | D:10     | Killed Snorg
 10007 | D:10     | Reached skill level 5 in Poison Magic
 10105 | Lair:1   | Entered Level 1 of the Lair of Beasts
 10111 | Lair:1   | Noticed Harold
 10120 | Lair:1   | Killed Harold
 10158 | Lair:1   | Reached skill level 13 in Summonings
 10186 | Lair:1   | Noticed a spiny frog
 10217 | Lair:1   | Killed a spiny frog
 10465 | Lair:1   | Noticed a spiny frog
 10469 | Lair:1   | Killed a spiny frog
 10910 | Lair:2   | Noticed a black mamba
 10916 | Lair:2   | Killed a black mamba
 10926 | Lair:2   | Reached ***** piety under Qazlal
 10934 | Lair:2   | Reached XP level 11. HP: 47/54 MP: 15/29
 11461 | Lair:2   | Got a smoking scale mail
 11514 | Lair:2   | Noticed an oklob plant
 11541 | Lair:2   | Killed an oklob plant
 11541 | Lair:2   | Reached skill level 5 in Ice Magic
 11544 | Lair:2   | Noticed an oklob plant
 11544 | Lair:2   | Noticed an oklob plant
 11552 | Lair:2   | Killed an oklob plant
 11553 | Lair:2   | Killed an oklob plant
 12316 | Lair:3   | Noticed Urug
 12322 | Lair:3   | Killed Urug
 12521 | Lair:3   | Reached skill level 14 in Summonings
 12894 | Lair:3   | Noticed a queen ant
 12905 | Lair:3   | Killed a queen ant
 13310 | Lair:4   | Found a staircase to the Snake Pit.
 13520 | Lair:4   | Got a dazzling hand crossbow
 13714 | Lair:4   | Noticed a four-headed hydra
 13719 | Lair:4   | Killed a four-headed hydra
 14049 | Lair:4   | Found a staircase to the Swamp.
 14131 | Lair:4   | Found a snail-covered altar of Cheibriados.
 14131 | Lair:4   | Noticed an oklob plant
 14141 | Lair:4   | Killed an oklob plant
 14394 | Lair:5   | Reached XP level 12. HP: 59/59 MP: 21/31
 14404 | Lair:5   | Reached ****** piety under Qazlal
 14612 | Lair:5   | Reached skill level 15 in Summonings
 15511 | Lair:5   | Identified the +8 hand crossbow of the Traitor {venom, Fragile rPois Dex+3 Stlth+} (You found it on level 4 of the Lair of Beasts)
 15524 | Lair:5   | Identified the +5 scale mail of Hangman {Int+4} (You found it on level 2 of the Lair of Beasts)
 15567 | Lair:6   | Entered Level 6 of the Lair of Beasts
 15572 | Lair:6   | Noticed Josephine
 15581 | Lair:6   | Killed Josephine
 15600 | Lair:6   | Noticed an eight-headed hydra
 15605 | Lair:6   | Killed an eight-headed hydra
 16044 | Lair:6   | Noticed an eight-headed hydra
 16050 | Lair:6   | Killed an eight-headed hydra
 16258 | Lair:6   | Found a staircase to the Slime Pits.
 16290 | Lair:6   | Reached skill level 15 in Spellcasting
 16345 | Lair:6   | Reached skill level 16 in Summonings
 16907 | Lair:6   | Noticed a merfolk avatar
 16917 | Lair:6   | Killed a merfolk avatar
 16917 | Lair:6   | Reached XP level 13. HP: 63/63 MP: 33/34
 17175 | Snake:1  | Entered Level 1 of the Snake Pit
 17649 | D:11     | Gained mutation: Your muscles are strong. (Str +2) [potion of mutation]
 17649 | D:11     | Gained mutation: You have a beak for a mouth. [potion of mutation]
 17649 | D:11     | Gained mutation: You evolve. [potion of mutation]
 17650 | D:11     | Lost mutation: Your muscles are strong. (Str +2) [potion of mutation]
 17650 | D:11     | Lost mutation: You have a beak for a mouth. [potion of mutation]
 17650 | D:11     | Gained mutation: Your spells are a little easier to cast, but a little less powerful. [potion of mutation]
 17650 | D:11     | Gained mutation: Armour fits poorly on your strangely shaped body. [potion of mutation]
 17650 | D:11     | Gained mutation: You are partially covered in iridescent scales. (AC +2) [potion of mutation]
 17650 | D:11     | Gained mutation: You are robust. (+10% HP) [potion of mutation]
 17651 | D:11     | Lost mutation: Armour fits poorly on your strangely shaped body. [potion of mutation]
 17651 | D:11     | Lost mutation: You evolve. [potion of mutation]
 17651 | D:11     | Lost mutation: Your spells are a little easier to cast, but a little less powerful. [potion of mutation]
 17651 | D:11     | Lost mutation: You are robust. (+10% HP) [potion of mutation]
 17651 | D:11     | Gained mutation: You have supernaturally acute eyesight. (SInv) [potion of mutation]
 17651 | D:11     | Gained mutation: You are somewhat resistant to further mutation. [potion of mutation]
 17785 | D:11     | Got a scorched plate armour
 17796 | D:11     | Identified the cursed +0 plate armour of Qeddax {rC+ Str+4} (You found it on level 11 of the Dungeon)
 18001 | D:11     | You fall through a shaft for 3 floors!
 18667 | D:14     | Found a stormy altar of Qazlal.
 18727 | D:13     | Reached skill level 17 in Summonings
 19635 | D:11     | Learned a level 5 spell: Metabolic Englaciation
 19639 | D:11     | Learned a level 3 spell: Tukima's Dance
 19645 | D:11     | Learned a level 5 spell: Venom Bolt
 19649 | D:11     | Learned a level 3 spell: Gell's Gravitas
 19806 | Snake:2  | Upgraded the game from 0.22-a0-254-gaf95ca0 to 0.22-a0-259-gdd11e71
 20553 | Snake:1  | Found Fuugih's Food Boutique.
 20766 | Snake:1  | Found a shimmering altar of Xom.
 20872 | Swamp:1  | Entered Level 1 of the Swamp
 20884 | Swamp:1  | Reached XP level 14. HP: 68/68 MP: 36/36
 20966 | Swamp:1  | Identified a scroll of acquirement
 20967 | Swamp:1  | Got a translucent jade amulet
 20969 | Swamp:1  | Identified the amulet "Qipt" {Acrobat rElec rF+ MR+ Str-3} (You acquired it on level 1 of the Swamp)
 21615 | Swamp:1  | Reached skill level 18 in Summonings
 23261 | Swamp:3  | Got a distressingly furry scale mail
 23279 | Swamp:3  | Identified the +0 scale mail "Hebe" {*Slow +Fly MR- Int+8} (You found it on level 3 of the Swamp)
 24074 | Swamp:4  | Entered Level 4 of the Swamp
 24206 | Swamp:4  | Noticed a thorn hunter
 24213 | Swamp:4  | Killed a thorn hunter
 24236 | Swamp:4  | Noticed a thorn hunter
 24260 | Swamp:4  | Killed a thorn hunter
 24753 | Swamp:4  | Noticed Louise
 24783 | Swamp:4  | Killed Louise
 25053 | Swamp:4  | Reached skill level 19 in Summonings
 25053 | Swamp:4  | Reached skill level 10 in Ice Magic
 25127 | Swamp:4  | Noticed the 27-headed Lernaean hydra
 25140 | Swamp:4  | Killed the 27-headed Lernaean hydra
 25164 | Swamp:4  | Reached XP level 15. HP: 26/72 MP: 11/39
 25932 | Swamp:4  | Got a decaying rune of Zot
 26224 | Snake:2  | Found Huthrieg's Antique Weapon Emporium.
 26276 | Snake:2  | Found Locyimank's Food Shoppe.
 26375 | Snake:2  | Reached skill level 1 in Hexes
 26455 | Snake:2  | Found Kirchekep's General Store.
 26725 | Snake:2  | Found Ruppup's Book Shop.
 26734 | Snake:2  | Bought a Fen Folio for 1275 gold pieces
 26740 | Snake:2  | Learned a level 5 spell: Summon Forest
 26748 | Snake:2  | Learned a level 7 spell: Summon Hydra
 26752 | Snake:2  | Learned a level 3 spell: Stone Arrow
 26756 | Snake:2  | Learned a level 3 spell: Confuse
 26789 | Snake:2  | Bought a scroll of acquirement for 572 gold pieces
 27020 | Snake:2  | Found Boontiuq's Jewellery Shop.
 27369 | Snake:3  | Found Woururax's Armour Boutique.
 27372 | Snake:3  | Noticed a nagaraja
 27373 | Snake:3  | Found Tiurihum's General Store.
 27373 | Snake:3  | Found Zybraga's Weapon Boutique.
 27380 | Snake:3  | Found Soraesy's Gadget Shop.
 27382 | Snake:3  | Killed a nagaraja
 28592 | Snake:4  | Entered Level 4 of the Snake Pit
 28952 | Snake:4  | Noticed a nagaraja
 28961 | Snake:4  | Killed a nagaraja
 29014 | Snake:4  | Noticed a nagaraja
 29022 | Snake:4  | Noticed a nagaraja
 29380 | Snake:4  | Killed a nagaraja
 29380 | Snake:4  | Reached skill level 20 in Summonings
 29393 | Snake:4  | Killed a nagaraja
 29618 | Snake:4  | Noticed a nagaraja
 29621 | Snake:4  | Killed a nagaraja
 29694 | Snake:4  | Noticed a nagaraja
 29705 | Snake:4  | Killed a nagaraja
 29817 | Snake:4  | Got a serpentine rune of Zot
 30143 | D:12     | Found a staircase to the Orcish Mines.
 30789 | D:12     | Learned a level 4 spell: Passage of Golubria
 30907 | Orc:1    | Entered Level 1 of the Orcish Mines
 31213 | Orc:1    | Found a roughly hewn altar of Beogh.
 31264 | Orc:1    | You fall through a shaft!
 31264 | Orc:2    | Entered Level 2 of the Orcish Mines
 31264 | Orc:2    | Noticed Anon1729's ghost (journeyman DsFE)
 31274 | Orc:2    | Killed Anon1729's ghost
 31373 | Orc:2    | Found a staircase to the Elven Halls.
 31631 | Orc:2    | Found a deep blue altar of Sif Muna.
 31746 | Orc:2    | Reached XP level 16. HP: 76/76 MP: 41/41
 31894 | Orc:2    | Found Zargh's Jewellery Boutique.
 31894 | Orc:2    | Found Aduvicse's Antique Weapon Boutique.
 31895 | Orc:2    | Found Ibigruni's Jewellery Shop.
 31898 | Orc:2    | Found Kutev's General Store.
 31906 | Orc:2    | Bought an uncursed ring of wizardry for 330 gold pieces
 32330 | Elf:1    | Entered Level 1 of the Elven Halls
 32522 | Elf:1    | Found Rompafuq's Gadget Boutique.
 32814 | Elf:1    | Noticed Donald
 32815 | Elf:1    | Noticed Kirke
 32833 | Elf:1    | Killed Donald
 32849 | Elf:1    | Killed Kirke
 33696 | Elf:1    | Noticed Azrael
 33700 | Elf:1    | Killed Azrael
 34182 | Elf:1    | Reached skill level 21 in Summonings
 34286 | Elf:1    | Noticed Roxanne
 34300 | Elf:1    | Killed Roxanne
 34337 | Elf:1    | Identified Roxanne's Disquisition on the Rocks (You took it off Roxanne on level 1 of the Elven Halls)
 34781 | Elf:2    | Found a runed gate.
 34781 | Elf:2    | Found a runed gate.
 34781 | Elf:2    | Found a runed gate.
 36127 | Elf:3    | Entered Level 3 of the Elven Halls
 36195 | Elf:3    | Slain by a deep elf archer

Vault maps used:
D:1:      lightli_arrival_windingriver, serial_co_window_serial,
          co_window_paths_b, co_window_paths_b, co_window_corner_a,
          co_window_paths_b, co_window_corner_a, co_window_corner_a,
          co_window_of_opportunity_a, co_window_of_opportunity_a,
          co_window_paths_a, co_window_paths_c, co_window_2corner,
          co_window_of_opportunity_b, co_window_corner_b, co_window_4corner_a,
          co_window_4corner_b
D:3:      lemuel_crystal_altar, uniq_sigmund
D:4:      lemuel_upstairs_altar, serial_shops, nicolae_shop_behind_doors,
          bloody_makhleb
D:5:      first_ration, gup_sewer_entry_bubbles, serial_glass, glass_columns_c,
          glass_columns_a, feat_on_display, item_on_display_a
D:6:      kennysheep_little_box, xom_teletrap_fun, uniq_edmund
D:7:      minmay_temple_entry_statues_pillars
D:8:      grunt_livestock
D:9:      overflow_temple_1_default, grunt_gozag_statues,
          onia_ninara_dug_in_and_dangerous
D:10:     grunt_lair_entry_orc_guard_hut, serial_shops, shop, st_stairs_8,
          uniq_snorg
D:11:     small_chamber_with_monster
D:12:     david_orc_3
D:13:     serial_shops, statue_bzr, shop
D:14:     grunt_vaults_entry_tiered, kennysheep_flooded_box,
          grunt_qazlal_sundering
Temple:   compressed_dpeg_circular_temple
Lair:1:   beast_lair_carwin_large_3, uniq_harold
Lair:2:   minmay_lair_oklob_chamber
Lair:3:   zaba_antful_of_joy, uniq_urug
Lair:4:   nicolae_swamp_entry_splash_gauntlet, guppyfry_snake_entry_garden,
          lemuel_oklob_altar, lemuel_fruit_tree, infiniplex_staircase_pool_2
Lair:5:   grunt_megastairs_1
Lair:6:   gammafunk_lair_ancient_temple, minmay_slime_entry_jelly_boxes,
          uniq_josephine
Swamp:1:  evilmike_swamp_ruin_rubble_2
Swamp:2:  evilmike_swamp_ruin_house_5, swamp_pool1
Swamp:3:  evilmike_swamp_ruin_house_4
Swamp:4:  swamp_old_school, swamp_pool1, uniq_louise
Snake:1:  basic_altar, serial_shops, shop_coins, spider_trap
Snake:2:  serial_shops, nicolae_shop_trees, shop, nicolae_shop_statue_plus,
          shop, shop_statue
Snake:3:  minmay_shoptagon
Snake:4:  snake_pit
Orc:1:    mines2_david
Orc:2:    st_orc_mages, led_sif_book
Elf:1:    eino_elf_arrival_customs, serial_shops, shop_fountains,
          hangedman_elf_disciples, uniq_donald, uniq_kirke, uniq_azrael,
          uniq_roxanne
Elf:2:    palyth_stone_intersect, basic_stair_grate_trap
Elf:3:    elf_hall_gauntlet_narrow, serial_shops, shop_fountains,
          nicolae_twisting_strands, uniq_bai_suzhen
Sewer:    sewer_sea

Skill      XL: |  1  2  3  4  5  6  7  8  9 10 11 12 13 14 15 16 |
---------------+-------------------------------------------------+-----
Summonings     | 5 6 7 9 10 12 13 14 16 17 19 20 21 | 21.4
Spellcasting   | 4 5 6 7 9 10 12 13 15 16 18 19 20 | 20.8
Air Magic      | 1 |  1.1
Poison Magic   | 2 4 5 7 8 9 |  9.6
Ice Magic      | 1 3 4 6 7 8 10 11 | 11.3
Hexes          | 2 |  2.6
Short Blades   | |  0.5
Dodging        | |  2.4
Stealth        | |  2.4
Translocations | |  0.8

Action                   |  1- 3 |  4- 6 |  7- 9 | 10-12 | 13-15 | 16-18 || total
-------------------------+-------+-------+-------+-------+-------+-------++-------
Melee: Dagger            |     2 |    16 |    76 |       |       |       ||    94
       Staff             |       |       |    16 |    23 |    33 |     2 ||    74
 Cast: Summon Small Mamm |    23 |       |       |       |       |       ||    23
       Call Imp          |    28 |    47 |    36 |    25 |     7 |       ||   143
       Summon Lightning  |       |    12 |    57 |    89 |   224 |    68 ||   450
       Summon Ice Beast  |       |       |    40 |   153 |   304 |    42 ||   539
       Olgreb's Toxic Ra |       |       |     7 |    25 |    33 |    19 ||    84
       Sting             |       |       |     2 |       |       |       ||     2
       Metabolic Englaci |       |       |       |       |    27 |     8 ||    35
       Venom Bolt        |       |       |       |       |     6 |     4 ||    10
       Summon Hydra      |       |       |       |       |    13 |    30 ||    43
       Passage of Golubr |       |       |       |       |     6 |       ||     6
       Summon Forest     |       |       |       |       |     3 |     3 ||     6
       Stone Arrow       |       |       |       |       |     2 |       ||     2
       Tukima's Dance    |       |       |       |       |     1 |       ||     1
       Confuse           |       |       |       |       |       |     2 ||     2
  Use: Scroll            |     2 |     3 |     8 |    12 |    25 |    11 ||    61
       Potion            |       |       |     2 |       |    21 |     8 ||    31
 Stab: Distracted        |       |     2 |     1 |     1 |     1 |       ||     5
  Eat: Chunk             |     4 |     7 |    22 |    17 |    26 |     6 ||    82
       Ration            |       |       |       |     2 |     8 |     4 ||    14
Armor: Robe              |     7 |    11 |    52 |    25 |    70 |    24 ||   189
Dodge: Dodged            |    25 |    24 |    79 |    46 |   185 |    53 ||   412
       Deflected         |       |       |       |     5 |    25 |     5 ||    35
Block: Other             |       |       |     8 |    32 |   132 |    37 ||   209

Table legend:
 A = Spawn XP
 B = Non-spawn XP
 C = Spawn XP percentage of total XP
 D = Spawn monster count
 E = Non-spawn monster count
 F = Spawn count percentage of total count
 G = Total turns spent on level
                    A         B        C        D         E        F      G
               +---------+---------+-------+---------+---------+-------+---------
         Total |       0 |  197175 |   0.0 |       0 |    1175 |   0.0 | 36195
               +---------+---------+-------+---------+---------+-------+---------
           D:1 |       0 |      22 |   0.0 |       0 |      21 |   0.0 |  1419
           D:2 |       0 |      52 |   0.0 |       0 |      27 |   0.0 |   680
           D:3 |       0 |     134 |   0.0 |       0 |      21 |   0.0 |   835
           D:4 |       0 |     390 |   0.0 |       0 |      26 |   0.0 |   996
           D:5 |       0 |     500 |   0.0 |       0 |      33 |   0.0 |   719
           D:6 |       0 |     349 |   0.0 |       0 |      17 |   0.0 |   968
           D:7 |       0 |     449 |   0.0 |       0 |      28 |   0.0 |   774
           D:8 |       0 |    1123 |   0.0 |       0 |      18 |   0.0 |   686
           D:9 |       0 |    2696 |   0.0 |       0 |      34 |   0.0 |  1002
          D:10 |       0 |    1649 |   0.0 |       0 |      19 |   0.0 |   938
          D:11 |       0 |    1479 |   0.0 |       0 |      24 |   0.0 |  1171
          D:12 |       0 |    4974 |   0.0 |       0 |      26 |   0.0 |   962
          D:13 |       0 |    2165 |   0.0 |       0 |      29 |   0.0 |   322
          D:14 |       0 |    9823 |   0.0 |       0 |      59 |   0.0 |   705
        Lair:1 |       0 |    2694 |   0.0 |       0 |      22 |   0.0 |   883
        Lair:2 |       0 |    2296 |   0.0 |       0 |      13 |   0.0 |   944
        Lair:3 |       0 |    4086 |   0.0 |       0 |      50 |   0.0 |  1591
        Lair:4 |       0 |    5339 |   0.0 |       0 |      35 |   0.0 |  1435
        Lair:5 |       0 |    3447 |   0.0 |       0 |      23 |   0.0 |  1520
        Lair:6 |       0 |   13279 |   0.0 |       0 |      83 |   0.0 |  1119
       Swamp:1 |       0 |    4270 |   0.0 |       0 |      16 |   0.0 |   977
       Swamp:2 |       0 |    8723 |   0.0 |       0 |      46 |   0.0 |  1371
       Swamp:3 |       0 |    7751 |   0.0 |       0 |      30 |   0.0 |  1527
       Swamp:4 |       0 |   19678 |   0.0 |       0 |      49 |   0.0 |  1332
       Snake:1 |       0 |    9042 |   0.0 |       0 |      33 |   0.0 |  1064
       Snake:2 |       0 |    7606 |   0.0 |       0 |      23 |   0.0 |   913
       Snake:3 |       0 |   10123 |   0.0 |       0 |      35 |   0.0 |  1821
       Snake:4 |       0 |   20040 |   0.0 |       0 |      71 |   0.0 |  1069
         Orc:1 |       0 |    3083 |   0.0 |       0 |      24 |   0.0 |   565
         Orc:2 |       0 |    6569 |   0.0 |       0 |      86 |   0.0 |  1118
         Elf:1 |       0 |   25043 |   0.0 |       0 |      66 |   0.0 |  1944
         Elf:2 |       0 |   17542 |   0.0 |       0 |      46 |   0.0 |  1593
         Elf:3 |       0 |     637 |   0.0 |       0 |       1 |   0.0 |    68
         Sewer |       0 |     122 |   0.0 |       0 |      41 |   0.0 |  1071
               +---------+---------+-------+---------+---------+-------+---------
